 Dungeon Crawl Stone Soup version 0.17-a0-2122-g03d97ec (webtiles) character file.

697 4thArraOfDagon the Chopper (level 7, 0/81 HPs)
             Began as a Demonspawn Gladiator on Oct 21, 2015.
             Was an Initiate of Makhleb.
             Succumbed to a worker ant's poison
             ... on level 4 of the Dungeon.
             The game lasted 00:12:07 (2000 turns).

4thArraOfDagon the Chopper (Demonspawn Gladiator)   Turns: 2000, Time: 00:12:07

Health: 0/81       AC: 23    Str: 15      XL:     7   Next: 38%
Magic:  17/17      EV:  2    Int: 11 (12) God:    Makhleb [......]
Gold:   110        SH:  0    Dex: 13      Spells: 0 memorised, 6 levels left

rFire  . . .     SeeInvis .     d - +2 battleaxe (vamp)
rCold  . . .     Clarity  .     (armour currently unavailable)
rNeg   + + +     SustAt   .     (no shield)
rPois  +         Gourm    .     (helmet currently unavailable)
rElec  .         Spirit   .     (cloak currently unavailable)
rCorr  .         Warding  .     (gloves currently unavailable)
rMut   .         NoTele   +     (boots currently unavailable)
MR     .....                    v - amulet of faith
Stlth  ++........               b - ring of magical power
                                n - ring of positive energy

@: lethally poisoned (0 -> -3), tree-form, slowed, very slow, not resistant to
hostile enchantments, unstealthy
A: (talons 0), (yellow scales 0), nightstalker 1, powered by pain 1
a: Renounce Religion


You were on level 4 of the Dungeon.
You worshipped Makhleb.
Makhleb was noncommittal.
You were not hungry.
You were a tree.
You visited 2 branches of the dungeon, and saw 10 of its levels.
You also visited: Sewer.

You collected 110 gold pieces.

Inventory:

Hand Weapons
 d - a +2 vampiric battleaxe (weapon)
Armour
 c - a +0 helmet
 f - a +0 ring mail (melded)
 q - a +0 cloak (melded)
 w - the +1 robe of the Valley of Death {rElec}
   (You found it on level 8 of the Dungeon)

   It insulates you from electricity.
 y - a cursed +0 helmet (melded)
Jewellery
 b - a ring of magical power (right branch)
 h - an uncursed ring of teleportation
 n - a ring of positive energy (left branch)
 o - an uncursed amulet of stasis
 v - an amulet of faith (around neck)
Wands
 j - a wand of enslavement (17)
 m - a wand of magic darts (6)
 s - a wand of flame (10)
Scrolls
 g - a scroll of remove curse
 t - 2 scrolls of teleportation {unknown}
 u - a scroll of recharging
Potions
 k - a potion of flight
 l - a potion of haste
Comestibles
 a - 2 chunks of flesh
 e - 3 bread rations
 r - a meat ration


   Skills:
 + Level 4.2 Fighting
 * Level 5.6 Axes
 - Level 1.7 Throwing
 + Level 4.2 Dodging
 + Level 2.6 Evocations


You had 6 spell levels left.
You didn't know any spells.

Dungeon Overview and Level Annotations

Branches:
Dungeon (9/15)             Temple (1/1) D:5
   Lair: D:8-11         Orc: D:9-12

Altars:
Ashenzari
Cheibriados
Elyvilon
Fedhas
Gozag
Kikubaaqudgha
Makhleb
Nemelex Xobeh
Okawaru
Qazlal
Ru
Sif Muna
Vehumet
Xom
Zin
The Shining One

Shops:
D:8 (


Innate Abilities, Weirdness & Mutations

((You have razor-sharp toenails.))
((You are partially covered in yellow scales (AC +2).))
You are slightly more attuned to the shadows.
You sometimes gain a little power by taking damage.


Message History

Drink which item? (? for menu, Esc to quit)
It was a potion of degeneration.
There was something very wrong with that liquid.
You feel dopey.
* * * LOW HITPOINT WARNING * * *
You feel sick.
The worker ant struggles to escape the net. x2
Unknown command.
Drink which item? (? for menu, Esc to quit)
It was a potion of lignification.
You turn into a tree.
Your +0 cloak melds into your body.
Your cursed +0 helmet melds into your body.
Your +0 ring mail melds into your body.
Your roots penetrate the ground.
The worker ant struggles to escape the net.
The worker ant struggles against the net.
Unknown command.
Unknown command.
You hit the worker ant but do no damage.
The worker ant is lightly wounded.
You die...

## .## #######..#
#......#.## #.........#
#..#+#....##
#..+♣'.....#
#.)#a#...#.##
#.).o..#.#..#########
.(......................
######.#######......###.
#$# ##.....# #. #.#
#.....# #. ..#
#...(....# #. ###
#........# #.


You could see a worker ant (caught) and an orc wizard.

Vanquished Creatures
  An orc warrior (D:7)
  An ogre (D:6)
  A giant frog (D:7)
  A crimson imp (D:8)
  3 orc priests
  A hound (D:7)
  An iguana (D:6)
  4 orc wizards
  3 worker ants
  2 adders
  2 shadow imps (D:6)
  An adder skeleton (D:4)
  4 giant geckos
  8 orcs
  3 giant cockroaches
  2 kobolds (D:1)
  5 bats (Sewer)
  6 jackals
  A toadstool (D:1)
50 creatures vanquished.

Vanquished Creatures (collateral kills)
  A crimson imp (D:7)
  An orc wizard (D:7)
  A worker ant (D:4)
  An orc (D:7)
4 creatures vanquished.

Grand Total: 54 creatures vanquished

Notes
Turn   | Place    | Note
--------------------------------------------------------------
     0 | D:1      | 4thArraOfDagon the Demonspawn Gladiator began the quest for the Orb.
     0 | D:1      | Reached XP level 1. HP: 16/16 MP: 1/1
    58 | D:2      | Reached skill level 3 in Axes
    58 | D:2      | Gained mutation: You have sharp toenails. [demonic ancestry]
    58 | D:2      | Reached XP level 2. HP: 18/23 MP: 2/2
   175 | D:4      | Found a glowing drain.
   216 | D:4      | Noticed an ogre
   218 | Sewer    | Entered a sewer
   270 | Sewer    | Noticed a crocodile
   311 | D:4      | Gained mutation: You sometimes gain a little power by taking damage. [demonic ancestry]
   311 | D:4      | Reached XP level 3. HP: 28/28 MP: 3/3
   342 | D:4      | You fall through a shaft for 3 floors!
   393 | D:7      | Noticed a giant frog
   404 | D:7      | Killed a giant frog
   404 | D:7      | Gained mutation: You are slightly more attuned to the shadows. [demonic ancestry]
   404 | D:7      | Reached XP level 4. HP: 18/35 MP: 4/4
   453 | D:7      | Noticed an orc warrior
   573 | D:6      | Found a stormy altar of Qazlal.
   582 | D:6      | Noticed an ogre
   593 | D:6      | Killed an ogre
   593 | D:6      | Reached skill level 4 in Axes
   593 | D:6      | Reached skill level 1 in Evocations
   593 | D:6      | Gained mutation: You have razor-sharp toenails. [demonic ancestry]
   593 | D:6      | Reached XP level 5. HP: 11/41 MP: 5/5
   646 | D:6      | You fall through a shaft for 3 floors!
   736 | D:8      | Found Figik's Antique Weapon Shop.
   755 | D:8      | Gained mutation: You are partially covered in yellow scales (AC +2). [demonic ancestry]
   755 | D:8      | Reached XP level 6. HP: 4/47 MP: 5/7
   756 | D:8      | HP: 3/70 [jackal (1)]
  1189 | D:7      | Got a dazzling quarterstaff
  1197 | D:7      | Identified the cursed +3 quarterstaff "Ehuelur" {vamp, rN++} (You found it on level 7 of the Dungeon)
  1223 | D:8      | Got a crude robe
  1234 | D:8      | Identified the +1 robe of the Valley of Death {rElec} (You found it on level 8 of the Dungeon)
  1290 | D:7      | Reached skill level 5 in Axes
  1396 | D:6      | Noticed a phantom
  1399 | D:6      | Reached XP level 7. HP: 39/54 MP: 8/8
  1437 | D:6      | Found an opulent altar of Gozag.
  1493 | D:6      | Noticed an orc warrior
  1493 | D:6      | Noticed a centaur
  1511 | D:6      | Noticed an ogre
  1533 | D:5      | Entered Level 5 of the Dungeon
  1576 | D:5      | Found a staircase to the Ecumenical Temple.
  1805 | Temple   | Entered the Ecumenical Temple
  1851 | Temple   | Became a worshipper of Makhleb the Destroyer
  1982 | D:4      | Found a snail-covered altar of Cheibriados.
  1997 | D:4      | HP: 2/54 [poisoned by a worker ant]
  2000 | D:4      | Succumbed to a worker ant's poison

Vault maps used:
D:1:      ldierk_water_garden, hangedman_feature_mirror, nrook_mini_backslash
D:2:      grunt_dithmenos_smoke_and_mirrors
D:3:      lemuel_doored_altar, first_bread
D:4:      kennysheep_mini_moat, portal_sewer_entry_f
D:5:      temple_fountains
D:6:      grunt_gozag_breadcrumbs, st_stairs_8, minmay_misc_feat_diagonals,
          kennysheep_decorative_pillar, grunt_qazlal_clouds
D:7:      lemuel_round_altar
D:8:      serial_shops, shop, grunt_ogre_cave, uniq_erolcha
D:9:      serial_shops, shop
Temple:   water_room_temple_a_12
Sewer:    sewer_big_baddie

Action                   |  1- 3 |  4- 6 |  7- 9 || total
-------------------------+-------+-------+-------++-------
Melee: War axe           |    71 |    10 |       ||    81
       Hand axe          |       |    44 |       ||    44
       Quarterstaff      |       |    21 |       ||    21
       Battleaxe         |       |     8 |    39 ||    47
Throw: Throwing net      |     1 |     3 |     1 ||     5
 Abil: Evoke Teleportati |       |       |     5 ||     5
Evoke: Wand              |     3 |     4 |       ||     7
  Use: Scroll            |     5 |     5 |     2 ||    12
       Potion            |       |     3 |     2 ||     5
 Stab: Held in net/web   |     1 |     3 |       ||     4
       Sleeping          |       |       |     2 ||     2
  Eat: Chunk             |       |     3 |     1 ||     4
       Bread ration      |       |     2 |       ||     2
       Pizza             |       |     1 |       ||     1
       Beef jerky        |       |     1 |       ||     1
